 Dungeon Crawl Stone Soup version 0.24-a0-416-g56ce5178b7 (webtiles) character file.

Game seed: 9919989836927797499

29 KristoblXynda the Slasher (level 3, -4/30 HPs)
             Began as a Draconian Gladiator on June 8, 2019.
             Slain by a gnoll
             ... wielding a +0 spear
              (5 damage)
             ... on level 2 of the Dungeon.
             The game lasted 00:01:16 (770 turns).

KristoblXynda the Slasher (Draconian Gladiator)      Turns: 770, Time: 00:01:17

Health: -4/30      AC:  6    Str: 16    XL:     3   Next: 1%
Magic:  3/3        EV: 13    Int:  9    God:
Gold:   33         SH:  0    Dex: 12    Spells: 2/2 levels left

rFire    . . .     SeeInvis .   a - +0 long sword
rCold    . . .     Gourm    .   (no shield)
rNeg     . . .     Faith    .   (armour unavailable)
rPois    .         Spirit   .   b - +0 hat
rElec    .         Reflect  .   j - +0 cloak
rCorr    .         Harm     .   (no gloves)
MR       .....                  (no boots)
Stlth    +.........             (no amulet)
HPRegen  0.10/turn              (no ring)
MPRegen  0.08/turn              (no ring)

@: flying
A: unfitting armour, cold-blooded, AC +5
a: no special abilities


You were on level 2 of the Dungeon.
You were not hungry.

You visited 1 branch of the dungeon, and saw 2 of its levels.

You collected 33 gold pieces.

Inventory:

Hand Weapons
 a - a +0 long sword (weapon)
Missiles
 c - 3 throwing nets (quivered)
Armour
 b - a +0 hat (worn)
 j - a +0 cloak (worn)
Scrolls
 e - a scroll of noise {unknown}
 g - 2 scrolls of identify {unknown}
 h - a scroll of random uselessness {unknown}
 i - a scroll of fog {unknown}
Comestibles
 d - a ration


   Skills:
 + Level 2.4 Fighting
 * Level 3.6 Long Blades
 - Level 2.0 Throwing
 + Level 3.0 Dodging


You had 2 spell levels left.
You didn't know any spells.
Your spell library was empty.

Dungeon Overview and Level Annotations

Branches:
Dungeon (2/15)

Altars:


Innate Abilities, Weirdness & Mutations

Your plain brown scales are hard. (AC +5)
You cannot fit into any form of body armour.
You are cold-blooded and may be slowed by cold attacks.


Message History

* * * LOW HITPOINT WARNING * * *
You slash the gnoll!
The gnoll is almost dead.
The gnoll hits you with a +0 spear.
* * * LOW HITPOINT WARNING * * *
You barely miss the gnoll. You tail-slap the gnoll.
The gnoll is almost dead.
The gnoll barely misses you.
Unknown command.
You closely miss the gnoll.
You tail-slap the gnoll, but do no damage.
The gnoll is almost dead.
The gnoll hits you with a +0 spear.
* * * LOW HITPOINT WARNING * * *
The gnoll hits you with a +0 spear.
* * * LOW HITPOINT WARNING * * *
It was a potion of flight.
You feel very buoyant.
You fly up into the air.
The gnoll hits you with a +0 spear.
You die...

..................#
........####......#
........# #......#
........# ##......##
...)....# #........#
........# #........#
........# #........#
...#############'###
...## #.# #@#
....#####'### #g##
##..........# #g.#
#..........##
##'####+##
##...........#
#........#
...##........#
#........#
##.##........#
#........##
....'.....####
#.........+
.#.##.....#
###..##.###


You could see 2 gnolls.

Vanquished Creatures
  A gnoll (D:2)
  A dart slug (D:1)
  A leopard gecko (D:1)
  3 goblins (D:1)
  2 hobgoblins (D:1)
  2 kobolds (D:1)
  4 bats (D:1)
  3 rats
17 creatures vanquished.

Notes
Turn   | Place    | Note
-------+----------+-------------------------------------------
     0 | D:1      | KristoblXynda the Draconian Gladiator began the quest for
                  | the Orb.
     0 | D:1      | Reached XP level 1. HP: 17/17 MP: 1/1
   117 | D:1      | Reached XP level 2. HP: 24/24 MP: 2/2
   762 | D:2      | Reached XP level 3. HP: 11/30 MP: 3/3
   769 | D:2      | HP: 1/30 [gnoll/+0 spear (2)]
   770 | D:2      | Slain by a gnoll

Levels and vault maps discovered:
D:1:      minmay_arrival_stone_box, layout_loops_ring
D:2:      layout_basic, minmay_goblin_outpost

Skill      XL: |  1  2 |
---------------+-------+-----
Throwing       | 2 |  2.0
Dodging        | 3 |  3.0
Fighting       | |  2.4
Long Blades    | |  3.6

Action                   || total
-------------------------++-------
Melee: Long sword        ||    37
       Tailslap          ||     6
  Use: Potion            ||     1
 Stab: Sleeping          ||     1
Armor: Skin              ||     8
Dodge: Dodged            ||    28
       Rpst.: Long sword ||     9

Table legend:
 A = Non-vault XP
 B = Vault XP
 C = Vault XP percentage of total XP
 D = Non-vault monster count
 E = Vault monster count
 F = Vault count percentage of total count
                 A         B        C        D         E       F
            +---------+---------+-------+---------+---------+-------
      Total |      42 |       0 |   0.0 |      17 |       0 |   0.0
            +---------+---------+-------+---------+---------+-------
        D:1 |      28 |       0 |   0.0 |      15 |       0 |   0.0
        D:2 |      14 |       0 |   0.0 |       2 |       0 |   0.0
            +---------+---------+-------+---------+---------+-------
